 Dungeon Crawl Stone Soup version 0.28-a0-429-g1448048969 (webtiles) character file.

Game seed: 10834465893656173376

5064 siradein the Carver (level 10, -13/67 HPs)
             Began as a Demonspawn Gladiator on Sept 10, 2021.
             Was a Believer of Makhleb.
             Mangled by a two-headed ogre (20 damage)
             ... on level 9 of the Dungeon.
             The game lasted 00:22:33 (8150 turns).

siradein the Carver (Demonspawn Gladiator)          Turns: 8150, Time: 00:22:35

Health: -13/67     AC: 10    Str: 18    XL:     10   Next: 31%
Magic:  13/13      EV: 11    Int:  9    God:    Makhleb [**....]
Gold:   463        SH: 15    Dex: 15    Spells: 9/9 levels left

rFire   . . .      SeeInvis .   i - +3 long sword (freeze)
rCold   . . .      Faith    .   k - +0 kite shield
rNeg    . . .      Spirit   .   s - +0 scale mail
rPois   +          Reflect  .   c - +0 helmet
rElec   .          Harm     .   (no cloak)
rCorr   .          Rampage  .   y - +1 pair of gloves
Will    .....                   u - +0 pair of boots
Stlth   ..........              g - amulet of regeneration
HPRegen 1.21/turn               t - ring of poison resistance
MPRegen 0.13/turn               (no ring)

@: mighty, mesmerised
A: repulsion field 1, foul stench 1, condensation shield
a: Renounce Religion, Minor Destruction


You were on level 9 of the Dungeon.
You worshipped Makhleb.
Makhleb was pleased with you.
You visited 2 branches of the dungeon, and saw 10 of its levels.

You collected 463 gold pieces.

Inventory:

Hand Weapons
 i - a +3 long sword of freezing (weapon)
Missiles
 d - 5 throwing nets
 e - 21 poisoned darts (quivered)
Armour
 c - a +0 helmet (worn)
 k - a +0 kite shield (worn)
 s - a +0 scale mail (worn)
 u - a +0 pair of boots (worn)
 y - a +1 pair of gloves (worn)
Jewellery
 g - an amulet of regeneration (around neck)
 t - a ring of poison resistance (left hand)
 A - an amulet of magic regeneration
Wands
 a - a wand of flame (37)
 v - a wand of charming (11)
Scrolls
 b - a scroll of silence
 f - a scroll of vulnerability
 j - a scroll of amnesia
 l - 3 scrolls of enchant weapon {unknown}
 x - a scroll of teleportation
 E - a scroll of magic mapping {unknown}
Potions
 h - 3 potions of curing
 m - 2 potions of resistance
 n - 2 potions of haste
 p - a potion of heal wounds {unknown}
 q - 2 potions of brilliance {unknown}
 r - a potion of cancellation {unknown}
 w - a potion of degeneration {unknown}
 z - a potion of magic {unknown}
 B - a potion of attraction {unknown}
 C - a potion of lignification {unknown}
 D - 2 potions of flight {unknown}


   Skills:
 - Level 2.0 Fighting
 + Level 10.3 Long Blades
 - Level 1.7 Throwing
 - Level 2.6 Dodging
 + Level 9.3 Shields
 * Level 4.3 Invocations


You had 9 spell levels left.
You didn't know any spells.
Your spell library contained the following spells:

 Spells                   Type           Power      Damage    Failure   Level
 Foxfire                  Conj/Fire      0%         2x1d4     96%         1
 Sandblast                Erth           0%         2d4       96%         1
 Passwall                 Tmut/Erth      0%         N/A       99%         2
 Conjure Flame            Conj/Fire      0%         6-21      100%        3
 Inner Flame              Hex/Fire       0%         N/A       100%        3
 Stone Arrow              Conj/Erth      0%         3d7       100%        3
 Flame Wave               Conj/Fire      0%         3d3       100%        4
 Alistair's Intoxication  Tmut/Pois      0%         N/A       100%        5
 Borgnjor's Vile Clutch   Necr/Erth      0%         N/A       100%        5
 Eringya's Noxious Bog    Tmut/Pois      0%         N/A       100%        6


Dungeon Overview and Level Annotations

Branches:
Dungeon (9/15)             Temple (1/1) D:5
   Lair: D:8-11         Orc: D:9-12

Altars:
Ashenzari
Cheibriados
Dithmenos
Elyvilon
Fedhas
Gozag
Hepliaklqana
Kikubaaqudgha
Makhleb
Nemelex Xobeh
Okawaru
Qazlal
Ru
Sif Muna
Trog
Uskayaw
Vehumet
Wu Jian
Xom
Yredelemnul
Zin
The Shining One

Annotations:
D:4 Grinder
D:9 Maggie


Innate Abilities, Weirdness & Mutations

You are surrounded by a mild repulsion field. (EV +2)
You may rarely emit foul miasma when damaged in melee.
A meltable shield of frost defends you. (SH +4)


Message History

You block the two-headed ogre's attack.
The gnoll sergeant hits you from afar with a +2 vorpal trident!
Unknown command.
You hit the two-headed ogre but do no damage.
You block the gnoll sergeant's attack.
The two-headed ogre hits you with a +0 giant spiked club!!
The two-headed ogre closely misses you.
You slash the two-headed ogre! You freeze the two-headed ogre.
The two-headed ogre is moderately wounded.
The gnoll sergeant closely misses you.
Unknown command.
You cannot move away from Maggie!
You hit the two-headed ogre. You freeze the two-headed ogre.
The two-headed ogre is moderately wounded.
You block the two-headed ogre's attack. x2
You block the gnoll sergeant's attack.
Maggie mumbles some strange words.
Maggie draws you further into her thrall.
You feel very mighty all of a sudden. The two-headed ogre closely misses you.
The two-headed ogre hits you with a +0 giant club!
* * * LOW HITPOINT WARNING * * *
You block the gnoll sergeant's attack.
You hit the two-headed ogre. You freeze the two-headed ogre.
The two-headed ogre is moderately wounded.
You block the gnoll sergeant's attack. You block the two-headed ogre's attack.
The two-headed ogre hits you with a +0 giant club!
* * * LOW HITPOINT WARNING * * *
You emit a cloud of foul miasma!
Unknown command.
Your shield prevents you from hitting the two-headed ogre.
The two-headed ogre is moderately wounded.
The gnoll sergeant hits you but does no damage.
You slash the two-headed ogre! You freeze the two-headed ogre.
The two-headed ogre is severely wounded.
The two-headed ogre is engulfed in dark miasma.
The two-headed ogre is poisoned.
The two-headed ogre seems to slow down.
You block the two-headed ogre's attack.
The two-headed ogre hits you with a +0 giant club!!
You die...

######.#####.########
#.........<#.#
#..........#.#########
#.>...................
#...............gO...O
#.....#.#.####.#@#####
#####...#..#...#.#
#.###..#.###.#
#@####.#.###.#
#O##.......#.#
######g##.#.#####.#
#.....@g....#...g.#
#.......#####.#####
#.......'....@####
#.......##.......#
#.......##.g.....#
#.......##.......#
..##


You could see Maggie (mesmerising), a two-headed ogre (poisoned, slow), a gnoll
sergeant and a gnoll.

Vanquished Creatures
  2 two-headed ogres
  A shadow (D:9)
  Menkaure (D:6)
  A water moccasin (D:7)
  Duvessa (D:6)
  2 orc warriors (D:9)
  2 necrophages
  2 sky beasts
  A black bear (D:6)
  A centaur (D:8)
  A kobold brigand (D:8)
  2 water moccasin zombies (D:5)
  Dowan (D:6)
  A gnoll sergeant (D:9)
  2 scorpions
  A wyvern zombie (D:5)
  20 killer bees
  5 wights (D:6)
  3 bullfrog zombies (D:5)
  4 centaur zombies
  3 jellies
  4 hounds (D:6)
  A centaur skeleton (D:7)
  A gnoll shaman (D:5)
  2 orc priests (D:5)
  5 orc wizards
  Natasha (D:4)
  8 gnolls
  11 adders
  2 white imps
  An adder skeleton (D:4)
  2 worms
  17 orcs
  10 endoplasms
  5 giant cockroaches
  10 goblins
  13 hobgoblins
  7 jackals
  11 kobolds
  4 quokkas
  11 ball pythons
  3 bats
  4 frilled lizards
  5 rats
195 creatures vanquished.

Vanquished Creatures (others)
  8 plants
  A withered plant (D:5)
9 creatures vanquished.

Grand Total: 204 creatures vanquished

Notes
Turn   | Place    | Note
-------+----------+-------------------------------------------
     0 | D:1      | siradein the Demonspawn Gladiator began the quest for the
                  | Orb.
     0 | D:1      | Reached XP level 1. HP: 16/16 MP: 1/1
    85 | D:1      | Reached skill level 3 in Long Blades
   528 | D:1      | Gained mutation: You may rarely emit foul miasma when
                  | damaged in melee. [demonic ancestry]
   528 | D:1      | Reached XP level 2. HP: 22/22 MP: 2/2
   960 | D:1      | Found a faded altar of an unknown god.
  1420 | D:2      | HP: 1/22 [kobold (20)]
  1442 | D:2      | Reached XP level 3. HP: 27/27 MP: 3/3
  1587 | D:2      | Reached skill level 4 in Long Blades
  2334 | D:3      | Reached XP level 4. HP: 33/33 MP: 4/4
  2647 | D:3      | Reached skill level 1 in Shields
  3097 | D:4      | Reached XP level 5. HP: 38/38 MP: 5/5
  3141 | D:4      | Noticed Natasha
  3153 | D:4      | Killed Natasha
  3154 | D:4      | Reached skill level 5 in Long Blades
  3157 | D:4      | Noticed a necrophage
  3184 | D:4      | Killed a necrophage
  3185 | D:4      | Reached XP level 6. HP: 40/44 MP: 6/6
  3719 | D:4      | Noticed Grinder
  3748 | D:5      | Entered Level 5 of the Dungeon
  3873 | D:5      | Reached skill level 6 in Long Blades
  3897 | D:5      | Noticed a sky beast
  3925 | D:5      | Killed a sky beast
  3926 | D:5      | Reached XP level 7. HP: 50/50 MP: 7/7
  4231 | D:5      | Found a staircase to the Ecumenical Temple.
  4242 | Temple   | Entered the Ecumenical Temple
  4246 | Temple   | Reached skill level 5 in Shields
  4535 | Temple   | Became a worshipper of Makhleb the Destroyer
  4566 | D:5      | Reached skill level 7 in Long Blades
  4572 | D:5      | Gained mutation: You are surrounded by a mild repulsion
                  | field. (EV +2) [demonic ancestry]
  4572 | D:5      | Reached XP level 8. HP: 56/56 MP: 8/8
  5264 | D:6      | Noticed Duvessa
  5265 | D:6      | Noticed Dowan
  5270 | D:6      | Killed Duvessa
  5273 | D:6      | Killed Dowan
  5274 | D:6      | Reached skill level 8 in Long Blades
  5648 | D:6      | Noticed Menkaure
  5658 | D:6      | Killed Menkaure
  5688 | D:6      | You fall into a shaft and drop 3 floors!
  5904 | D:6      | Reached * piety under Makhleb
  5925 | D:6      | Reached XP level 9. HP: 60/61 MP: 9/9
  6338 | D:7      | Reached skill level 9 in Long Blades
  6554 | D:7      | Found a hazy altar of Hepliaklqana.
  6887 | D:8      | Reached ** piety under Makhleb
  6976 | D:8      | Noticed a two-headed ogre
  7000 | D:8      | Killed a two-headed ogre
  7001 | D:8      | Reached skill level 10 in Long Blades
  7172 | D:8      | Gained mutation: A meltable shield of frost defends you.
                  | (SH +4) [demonic ancestry]
  7172 | D:8      | Reached XP level 10. HP: 59/67 MP: 10/10
  7407 | D:9      | Reached skill level 1 in Invocations
  7778 | D:9      | Noticed a two-headed ogre
  7809 | D:9      | Killed a two-headed ogre
  7921 | D:9      | Noticed a cyan ugly thing
  7928 | D:9      | Noticed Maggie
  8059 | D:9      | Noticed a two-headed ogre
  8150 | D:9      | Mangled by a two-headed ogre

Illustrated notes

Levels and vault maps discovered:
D:1:      dpeg_arrival_morbid_curiosity, layout_loops_corners,
          hellmonk_ecumenical_altar_lost_god, minmay_misc_feat_pillars,
          minmay_circled_x
D:2:      layout_loops_corners
D:3:      layout_loops_cross, minmay_box_of_dots
D:4:      layout_loops_ring, grunt_decor_junction, minivault_27, st_stairs_3,
          kennysheep_donut, guppyfry_early_lair_pool, uniq_grinder, uniq_natasha
D:5:      layout_basic, minmay_temple_entry_sparse_star, serial_undead,
          serial_undead_c, serial_undead_c, serial_undead_b, serial_undead_e
D:6:      corexii_shack_village, layout_basic, chequers_arboretum,
          uniq_menkaure, uniq_duvessa
D:7:      layout_cave_pools, nzn_hepliaklqana_mist_gate, serial_bayou_pond_a
D:8:      layout_basic
D:9:      kennysheep_windowed_halls, layout_basic, uniq_maggie
Temple:   regret_index_temple_sigil_plot

Skill      XL: |  1  2  3  4  5  6  7  8  9 10 |
---------------+-------------------------------+-----
Long Blades    | 3 4 5 6 7 8 10 | 10.3
Shields        | 1 2 4 5 7 9 |  9.3
Invocations    | 4 |  4.3
Fighting       | |  2.0
Throwing       | |  1.7
Dodging        | |  2.6

Action                   |  1- 3 |  4- 6 |  7- 9 | 10-12 || total
-------------------------+-------+-------+-------+-------++-------
Melee: Long sword        |   142 |   255 |   436 |    84 ||   917
Throw: Dart              |       |       |     3 |     8 ||    11
Invok: Minor Destruction |       |       |       |     1 ||     1
Evoke: Wand              |       |       |     2 |       ||     2
  Use: Scroll            |       |       |     9 |     3 ||    12
       Potion            |       |       |       |     1 ||     1
 Stab: Sleeping          |     1 |       |       |       ||     1
Armor: Leather armour    |    24 |       |       |       ||    24
       Ring mail         |    37 |   116 |    89 |       ||   242
       Scale mail        |       |       |    99 |    20 ||   119
Dodge: Dodged            |    67 |    81 |   210 |    23 ||   381
Block: Kite shield       |    32 |   122 |   299 |    66 ||   519
       Other             |       |       |       |     2 ||     2

Table legend: (Time is in decaauts)
 A = Elapsed time spent in this place.
 B = Non-inter-level travel time spent in this place.
 C = Inter-level travel time spent in this place.
 D = Time resting spent in this place.
 E = Time spent auto-exploring this place.
 F = Levels seen in this place.
 G = Mean time per level.
                   A        B        C        D        E       F      G
               +--------+--------+--------+--------+--------+-----+--------+
         Total |   8396 |   8153 |    243 |    228 |   5563 |  10 |  839.6 |
       Dungeon |   8080 |   7837 |    243 |    228 |   5309 |   9 |  897.8 |
        Temple |    315 |    315 |      0 |      0 |    254 |   1 |  315.0 |
               +--------+--------+--------+--------+--------+-----+--------+

Top non-repeatable levels by time:
     D:1: 1386 daAuts
     D:6: 1024 daAuts
     D:2: 975 daAuts
     D:5: 965 daAuts
     D:9: 877 daAuts
     D:4: 821 daAuts
     D:7: 711 daAuts
     D:3: 709 daAuts
     D:8: 610 daAuts
  Temple: 315 daAuts
